 Dungeon Sprint DCSS version 0.30.1-11-g7821555f0a (webtiles) character file.

Game seed: 10652840905417443915

192 Groucho the Arsonist (level 5, 0/28 HPs)
             Began as a Deep Elf Fire Elementalist on Jan 4, 2024.
             Was a Priest of Sif Muna.
             Slain by a wolf (8 damage)
             ... in the Dungeon (Sprint VII: "The Pits").
             The game lasted 00:03:13 (1363 turns).

Groucho the Arsonist (Deep Elf Fire Elementalist)   Turns: 1363, Time: 00:03:14

Health: 0/28       AC:  2    Str:  5    XL:     5   Next: 42%
Magic:  15/17      EV: 12    Int: 22    God:    Sif Muna [***...]
Gold:   0          SH:  0    Dex: 15    Spells: 9/19 levels left

rFire   . . .        l - +0 quarterstaff (protect)
rCold   . . .        (shield currently unavailable)
rNeg    . . .        a - +0 robe
rPois   .            (no helmet)
rElec   .            (no cloak)
rCorr   .            (no gloves)
SInv    .            (no boots)
Will    .....        (no amulet)
Stlth   ++           (no ring)
HPRegen 0.24/turn    (no ring)
MPRegen 0.15/turn

%: no teleportation
@: no status effects
A: no striking features
a: Renounce Religion, Channel Magic, Forget Spell


You were in the Dungeon.
You worshipped Sif Muna.
Sif Muna was most pleased with you.
You visited 1 branch

Inventory:

Hand Weapons
 l - a +0 quarterstaff of protection (weapon)
Armour
 a - a +0 robe (worn)
Scrolls
 g - a scroll of blinking
 j - 5 scrolls of amnesia
 k - a scroll of summoning
Potions
 b - 3 potions of magic
 c - 6 potions of curing
 d - 4 potions of heal wounds
 e - a potion of haste
 f - 3 potions of berserk rage
 i - 2 potions of invisibility


   Skills:
 - Level 2.4 Dodging
 - Level 2.4 Stealth
 + Level 7.9 Spellcasting
 + Level 6.1 Conjurations
 + Level 2.6 Translocations
 + Level 8.9 Fire Magic


You had 9 spell levels left.
You knew the following spells:

 Your Spells              Type           Power      Damage    Failure   Level
a - Foxfire               Conj/Fire      100%       2x1d9     1%          1
b - Scorch                Fire           94%        2d8       1%          2
c - Volatile Blastmotes   Fire/Tloc      68%        2d15      1%          3
d - Flame Wave            Conj/Fire      41%        2d11      3%          4

Your spell library contained the following spells:

 Spells                   Type           Power      Damage    Failure   Level
 Inner Flame              Hex/Fire       28%        N/A       3%          3


Dungeon Overview and Level Annotations

Branches:
Dungeon (1/1)

Altars:
Ashenzari
Cheibriados
Dithmenos
Elyvilon
Fedhas
Gozag
Hepliaklqana
Kikubaaqudgha
Makhleb
Nemelex Xobeh
Okawaru
Qazlal
Ru
Sif Muna
Trog
Uskayaw
Vehumet
Wu Jian
Xom
Yredelemnul
Zin
The Shining One
Jiyva
Lugonu


Message History

An orc comes into view. It is wielding a +0 short sword.
Unknown command.
Casting: Scorch (safe; 1% risk of failure)
Confirm with . or Enter, or press ? or * to list all spells.
Flames lash the orc warrior.
The orc warrior is lightly wounded.
The wolf barely misses you.
Unknown command.
Unknown command.
Unknown command.
The cloud of blastmotes explodes!
The concussive blast engulfs the wolf!
The wolf is heavily wounded.
The concussive blast engulfs you!
* * * LOW HITPOINT WARNING * * *
You are knocked back by the blast.
Unknown command.
Unknown command.
Unknown command.
You feel much better. The wolf closely misses you. The wolf bites you.
Unknown command.
Unknown command.
Casting: Scorch (safe; 1% risk of failure)
Confirm with . or Enter, or press ? or * to list all spells.
Flames lash the orc warrior.
The orc warrior is burned terribly!
The orc warrior is heavily wounded.
The adder is no longer more vulnerable to fire.
The wolf bites you. The wolf bites you!
Unknown command.
Unknown command.
Magic courses through your body. The wolf completely misses you.
Unknown command.
Unknown command.
Casting: Scorch (safe; 1% risk of failure)
Confirm with . or Enter, or press ? or * to list all spells.
Flames lash the orc warrior.
The orc warrior is burned terribly!
The orc warrior is almost dead.
The wolf bites you.
* * * LOW HITPOINT WARNING * * *
The wolf bites you!
You die...

##########'##.....
#.?(.')))'.##.....
##########.##.....
#...........'.....
#'#####'#####.....
#.#..#..#[[##.....
#.#..'..#))#####'#
#.#..####))##.....
#@#..#..#))##.....
#h#..#..#..##.....
#o##'#..#'###...<.
#S#........##.....
#o#........##.....
#K###########.....
#oo# ###### #....
##.#o#


You could see an orc warrior (combustible), a wolf, an adder, 3 orcs and a
kobold.

Vanquished Creatures
  A floating eye (D)
  A bullfrog (D)
  2 adders (D)
  A ball python (D)
  An endoplasm (D)
  A giant cockroach (D)
  A hobgoblin (D)
  4 jackals (D)
  A quokka (D)
  A ball python zombie (D)
14 creatures vanquished.

Vanquished Creatures (others)
  57 foxfires (D)
57 creatures vanquished.

Grand Total: 71 creatures vanquished

Notes
Turn   | Place    | Note
-------+----------+-------------------------------------------
     0 | D        | Groucho the Deep Elf Fire Elementalist began the quest for
                  | the Orb.
     0 | D        | Reached XP level 1. HP: 10/10 MP: 6/6
   194 | D        | Found a glowing golden altar of the Shining One.
   194 | D        | Found a glowing silver altar of Zin.
   194 | D        | Found a basalt altar of Yredelemnul.
   194 | D        | Found a shimmering altar of Xom.
   194 | D        | Found an ornate altar of the Wu Jian Council.
   194 | D        | Found a bloodstained altar of Trog.
   194 | D        | Found a shimmering blue altar of Sif Muna.
   194 | D        | Found a sacrificial altar of Ru.
   194 | D        | Found a stormy altar of Qazlal.
   194 | D        | Found an iron altar of Okawaru.
   194 | D        | Found a sparkling altar of Nemelex Xobeh.
   194 | D        | Found a burning altar of Makhleb.
   194 | D        | Found a viscous altar of Jiyva.
   194 | D        | Found a hazy altar of Hepliaklqana.
   194 | D        | Found an opulent altar of Gozag.
   194 | D        | Found a blossoming altar of Fedhas.
   194 | D        | Found a white marble altar of Elyvilon.
   194 | D        | Found a shadowy altar of Dithmenos.
   194 | D        | Found a snail-covered altar of Cheibriados.
   195 | D        | Found a radiant altar of Vehumet.
   195 | D        | Found a corrupted altar of Lugonu.
   196 | D        | Found an ancient bone altar of Kikubaaqudgha.
   196 | D        | Found a hide-covered altar of Uskayaw.
   196 | D        | Found a broken altar of Ashenzari.
   197 | D        | Became a worshipper of Sif Muna the Loreminder
   371 | D        | Reached skill level 4 in Fire Magic
   371 | D        | Reached XP level 2. HP: 15/15 MP: 3/9
   680 | D        | Learned a level 2 spell: Scorch
   697 | D        | Reached * piety under Sif Muna
   700 | D        | Reached skill level 5 in Fire Magic
   701 | D        | Reached ** piety under Sif Muna
   909 | D        | Noticed a floating eye
   913 | D        | Killed a floating eye
   914 | D        | Reached skill level 5 in Conjurations
   914 | D        | Reached skill level 8 in Fire Magic
   914 | D        | Reached XP level 3. HP: 19/19 MP: 5/13
   914 | D        | Reached XP level 4. HP: 24/24 MP: 5/15
  1282 | D        | Reached *** piety under Sif Muna
  1337 | D        | Learned a level 3 spell: Volatile Blastmotes
  1342 | D        | Learned a level 4 spell: Flame Wave
  1347 | D        | Noticed a bullfrog
  1349 | D        | Noticed a wolf
  1350 | D        | Noticed an orc warrior
  1354 | D        | Killed a bullfrog
  1355 | D        | Reached XP level 5. HP: 28/28 MP: 12/17
  1363 | D        | Slain by a wolf

Illustrated notes

Levels and vault maps discovered:
D:        pitsprint [storerooms_1, entrance_room_1, metal_vault_3, armoury_2,
          mini_pit_1, grid_room_1, main_hall_1, silver_pit, the_coven_1,
          the_vestibule_1, steel_vault_4, golden_pit, hallway_of_sentries,
          crystal_vault_2, iron_vault_2, final_vault]

Skill      XL: |  1  2  3  4 |
---------------+-------------+-----
Spellcasting   | 4 7 |  7.9
Conjurations   | 2 5 6 |  6.1
Fire Magic     | 4 8 |  8.9
Translocations | 2 |  2.6
Dodging        | |  2.4
Stealth        | |  2.4

Action                     |  1- 3 |  4- 6 || total
---------------------------+-------+-------++-------
   Cast: Foxfire           |    27 |     7 ||    34
         Scorch            |     1 |     7 ||     8
         Volatile Blastmot |       |     1 ||     1
    Use: Potion            |     2 |     2 ||     4
 Armour: Robe              |     3 |     1 ||     4
  Dodge: Dodged            |    12 |     9 ||    21
